AoeStats
← 5coinz

Arena

510407913Analyzed
1v1 RM · 14h ago on Sep 30, 2026· 44m 49s· 2 players
Game mode
Random Map
Map size
Tiny (2 player)
Population
200
Speed
Normal
Resources
Standard
Victory
Conquest
Starting age
Dark Age
Ending age
Imperial Age
RankedLock teamsTeams togetherTeam positionsShared explorationLock speedFull tech treeHidden civsTurbo modeCheats
Victory
Defeat
🇺🇸 Turks · United States
550
+15
🇧🇬 Bulgarians · Bulgaria
523
-15
5coinz
10:48 Feudal Age
12:29 Double-Bit Axe
15:06 Wheelbarrow
15:38 Forging
15:57 Scale Mail Armor
18:06 Horse Collar
19:08 Wheelbarrow
19:28 Bloodlines
19:26 Scale Barding Armor
23:15 Castle Age
24:13 Hand Cart
24:00 Heavy Plow
24:41 Squires
24:04 Light Cavalry
25:20 Bow Saw
25:27 Pikeman
26:12 Husbandry
28:26 Arson
39:09 Iron Casting
42:03 Imperial Age
39:32 Stirrups
41:36 Chain Mail Armor
About95babys
13:59 Feudal Age
20:33 Castle Age
19:33 Horse Collar
19:42 Double-Bit Axe
19:53 Gold Mining
20:09 Padded Archer Armor
20:54 Wheelbarrow
29:53 Imperial Age
27:57 Leather Archer Armor
29:54 Elite Janissary
30:56 Conscription
31:12 Ring Archer Armor
Connection lost

Rejoining the realm…

Still unreachable

The connection could not be restored.

Session expired

The server has moved on; the page needs a fresh start.